 Dungeon Crawl Stone Soup version 0.31.0-1-g2c135a0 (webtiles) character file.

Game seed: 1178387740870813721

28 jagoly the Conjurer (level 3, 0/23 HPs)
             Began as an Octopode Conjurer on Jan 24, 2024.
             Was an Initiate of the Shining One.
             Slain by a jackal (3 damage)
             ... on level 3 of the Dungeon.
             The game lasted 00:04:15 (381 turns).

jagoly the Conjurer (Octopode Conjurer)              Turns: 381, Time: 00:04:16

Health: 0/23       AC:  1    Str:  6    XL:     3   Next: 12%
Magic:  0/6        EV: 13    Int: 22    God:    the Shining One [......]
Gold:   72         SH:  0    Dex: 10    Spells: 3/6 levels left

rFire   . . .        f - +0 short sword
rCold   . . .        (no shield)
rNeg    . . .        (helmet restricted)
rPois   .            (no amulet)
rElec   .            (no ring)
rCorr   .            (no ring)
SInv    .            (no ring)
Will    .....        (no ring)
Stlth   ++           (no ring)
HPRegen 0.23/turn    (no ring)
MPRegen 0.10/turn    (no ring)
                     (no ring)

%: no passive effects
@: glowing
A: almost no armour, amphibious, 8 rings, camouflage 1, gelatinous body 1,
(nimble swimmer 1), tentacles
a: Renounce Religion


You were on level 3 of the Dungeon.
You worshipped the Shining One.
The Shining One was noncommittal.
You visited 1 branch of the dungeon, and saw 3 of its levels.

You collected 72 gold pieces.

Inventory:

Hand Weapons
 f - a +0 short sword (weapon)
Missiles
 e - 8 stones
Scrolls
 b - 2 scrolls of noise {unknown}
 c - a scroll of teleportation {unknown}
 g - a scroll of immolation {unknown}
Potions
 a - a potion of magic
 d - a potion of might {unknown}


   Skills:
 + Level 1.3 Fighting
 - Level 2.0 Dodging
 + Level 3.6 Stealth
 - Level 2.0 Spellcasting
 + Level 4.3 Conjurations


You had 3 spell levels left.
You knew the following spells:

 Your Spells              Type           Power      Damage    Failure   Level
a - Magic Dart            Conj           84%        1d7       2%          1
s - Searing Ray           Conj           42%        2d6       3%          2

Your spell library contained the following spells:

 Spells                   Type           Power      Damage    Failure   Level
 Fulminant Prism          Conj/Alch      5%         3d7       50%         4
 Iskenderun's Mystic Bla  Conj/Tloc      11%        2d4       50%         4


Dungeon Overview and Level Annotations

Branches:
Dungeon (3/15) Zot: 17618

Altars:
The Shining One

Shops:
D:1 (


Innate Abilities, Weirdness & Mutations

You cannot wear most types of armour.
You are amphibious.
You can wear up to eight rings at the same time.
Your skin changes colour to match your surroundings (Stealth+).
Your rubbery body absorbs attacks. (AC +1, EV +1)
((You are camouflaged when in or above water. (Stealth+)))
You have tentacles for arms and can constrict up to eight enemies at once.


Message History

Welcome, jagoly the Octopode Conjurer.
Below lies the Orb of Zot, rumoured to be powerful enough to resurrect a god...
Press ? for a list of commands and other information.
Found three items.
Found a staircase leading out of the dungeon.
Okay, then.
b - a scroll labelled ENTIL JUHOMEAXT You now have 11 gold pieces.
You aren't carrying any wearable armour.
Unknown command.
c - a scroll labelled TESESS ISAS
Found 19 gold pieces and a runed helmet.
A giant cockroach comes into view.
You see here a +1 helmet.
A giant cockroach is nearby!
A giant cockroach is nearby!
Cast which spell? (? or * to list)
Aiming: Magic Dart (safe; 3% risk of failure)
Press: ? - help, Shift-Dir - straight line, f - giant cockroach
Aim: a giant cockroach (asleep, 100% to hit)
The magic dart hits the giant cockroach.
The giant cockroach is lightly wounded.
Cast which spell? (? or * to list)
Aiming: Magic Dart (safe; 3% risk of failure)
Press: ? - help, Shift-Dir - straight line, f/p - giant cockroach
Aim: a giant cockroach (lightly wounded, 100% to hit)
The magic dart hits the giant cockroach.
The giant cockroach is heavily wounded.
Cast which spell? (? or * to list)
Aiming: Magic Dart (safe; 3% risk of failure)
Press: ? - help, Shift-Dir - straight line, f/p - giant cockroach
Aim: a giant cockroach (heavily wounded, 100% to hit)
The magic dart hits the giant cockroach.
The giant cockroach is almost dead.
Cast which spell? (? or * to list)
You don't have enough magic to cast this spell.
Unknown command.
You tentacle-slap the giant cockroach.
You kill the giant cockroach!
No target in view!
You now have 30 gold pieces (gained 19).
Magic restored.
A rat comes into view.
Cast which spell? (? or * to list)
Aiming: Magic Dart (safe; 3% risk of failure)
Press: ? - help, Shift-Dir - straight line, f - rat
Aim: a rat (asleep, 100% to hit)
The magic dart hits the rat.
You kill the rat!
You see here a rat corpse.
You open the door.
There is an open door here.
Found a stone staircase leading down.
A dart slug comes into view.
Cast which spell? (? or * to list)
Aiming: Magic Dart (safe; 3% risk of failure)
Press: ? - help, Shift-Dir - straight line, f - dart slug
Aim: a dart slug (asleep, 100% to hit)
The magic dart hits the dart slug.
The dart slug is lightly wounded.
Cast which spell? (? or * to list)
Aiming: Magic Dart (safe; 3% risk of failure)
Press: ? - help, Shift-Dir - straight line, f/p - dart slug
Aim: a dart slug (lightly wounded, 100% to hit)
The magic dart hits the dart slug.
The dart slug is severely wounded.
Found Boka's Antique Weapon Shoppe.
The dart slug bites you.
You tentacle-slap the dart slug but do no damage.
You grab the dart slug.
The dart slug is severely wounded.
You constrict the dart slug. You tentacle-slap the dart slug.
You squeeze the dart slug.
You kill the dart slug!
Your Stealth skill increases to level 3!
No target in view!
There is an entrance to Boka's Antique Weapon Shoppe here.
Found a blue potion.
There is a stone staircase leading down here.
A bat comes into view.
The bat misses you.
Cast which spell? (? or * to list)
Okay, then.
The bat barely misses you.
You closely miss the bat. You grab the bat. You constrict the bat.
The bat hits you but does no damage.
The bat escapes!
The bat barely misses you.
Found a club.
The bat barely misses you.
You closely miss the bat. Your grab misses the bat.
The bat is moderately wounded.
The bat misses you. The bat barely misses you.
You see here a blue potion.
You miss the bat. Your grab misses the bat. You squeeze the bat.
You kill the bat!
d - a blue potion
There is a stone staircase leading down here.
You climb downwards.
There is a stone staircase leading up here.
You open the door.
There is an open door here.
You open the door.
Found a scroll labelled ENTIL JUHOMEAXT.
There is an open door here.
Unknown command.
Unknown command.
b - 2 scrolls labelled ENTIL JUHOMEAXT (gained 1)
Found a glowing golden altar of the Shining One.
There is a glowing golden altar of the Shining One here.
You curl up in front of the altar of the Shining One.
The Shining One welcomes you!
A kobold comes into view. It is wielding a +0 whip.
Cast which spell? (? or * to list)
Aiming: Magic Dart (safe; 3% risk of failure)
Press: ? - help, Shift-Dir - straight line, f - kobold
Aim: a kobold, wielding a +0 whip (asleep, 100% to hit)
The magic dart hits the kobold.
The kobold is moderately wounded.
Cast which spell? (? or * to list)
Aiming: Magic Dart (safe; 3% risk of failure)
Press: ? - help, Shift-Dir - straight line, f/p - kobold
Aim: a kobold, wielding a +0 whip (moderately wounded, 100% to hit)
The magic dart hits the kobold.
You kill the kobold!
You see here a +0 whip.
Magic restored.
Magic restored.
Found 6 stones.
You see here 6 stones.
e - 6 stones A bat comes into view.
A bat is nearby!
Cast which spell? (? or * to list)
Aiming: Magic Dart (safe; 3% risk of failure)
Press: ? - help, Shift-Dir - straight line, f - bat
Aim: a bat (asleep, 100% to hit)
The magic dart hits the bat.
The bat is moderately wounded.
Cast which spell? (? or * to list)
Aiming: Magic Dart (safe; 3% risk of failure)
Press: ? - help, Shift-Dir - straight line, f/p - bat
Aim: a bat (moderately wounded, 100% to hit)
The magic dart hits the bat.
You kill the bat!
You have reached level 2!
You start memorising the spell.
You continue memorising. x2
You finish memorising.
Spell assigned to 'b'.
Adjust (i)tems, (s)pells, or (a)bilities?
Adjust which spell? b - Searing Ray Adjust to which letter? s - Searing Ray A bat comes into view.
Found 17 gold pieces.
The bat barely misses you. The bat closely misses you. The bat hits you.
You tentacle-slap the bat but do no damage.
Your grab misses the bat. Your squeeze misses the bat.
The bat closely misses you.
You tentacle-slap the bat but do no damage.
Your grab misses the bat. The bat closely misses you. The bat misses you.
You closely miss the bat. You grab the bat. Your squeeze misses the bat.
You constrict the bat, but do no damage.
The bat hits you but does no damage.
The bat escapes!
You see here 17 gold pieces.
You barely miss the bat. Your grab misses the bat.
The bat hits you but does no damage.
You now have 47 gold pieces (gained 17).
The bat hits you but does no damage.
You tentacle-slap the bat but do no damage.
You grab the bat.
You constrict the bat, but do no damage.
The bat closely misses you.
The bat struggles to escape constriction.
The bat escapes!
You miss the bat. You grab the bat. You constrict the bat.
The bat hits you but does no damage.
The bat escapes!
The bat barely misses you. The bat closely misses you.
The bat closely misses you.
You closely miss the bat. Your grab misses the bat.
The bat closely misses you. x2
You miss the bat. Your grab misses the bat. The bat barely misses you.
No target in view!
The bat hits you.
You miss the bat. Your grab misses the bat. The bat closely misses you.
The bat closely misses you.
You closely miss the bat. Your grab misses the bat. The bat barely misses you.
The bat hits you but does no damage.
You closely miss the bat. You grab the bat.
You constrict the bat, but do no damage.
The bat barely misses you. x2
You closely miss the bat. Your squeeze misses the bat.
You constrict the bat, but do no damage.
The bat barely misses you.
The bat struggles to escape constriction.
The bat escapes!
The bat hits you. The bat misses you. The bat barely misses you.
You barely miss the bat. Your grab misses the bat. The bat hits you.
The bat closely misses you. x2
You tentacle-slap the bat but do no damage.
Your grab misses the bat. The bat barely misses you.
You barely miss the bat. You grab the bat.
You constrict the bat, but do no damage.
The bat closely misses you. x2; The bat barely misses you.
You barely miss the bat. You constrict the bat. The bat barely misses you.
The bat struggles to escape constriction.
The bat escapes!
The bat completely misses you. The bat hits you but does no damage.
The bat hits you. The bat closely misses you.
You closely miss the bat. Your grab misses the bat.
Your tentacle-slap misses the bat.
The bat is moderately wounded.
The bat hits you but does no damage.
You tentacle-slap the bat but do no damage.
You grab the bat.
The bat is moderately wounded.
You constrict the bat. The bat hits you but does no damage.
The bat escapes!
The bat completely misses you.
You closely miss the bat. Your grab misses the bat. You squeeze the bat.
You kill the bat!
No target in view!
No target in view!
An endoplasm comes into view.
A kobold comes into view. It is wielding a +0 short sword.
Cast which spell? (? or * to list)
Aiming: Magic Dart (safe; 3% risk of failure)
Press: ? - help, Shift-Dir - straight line, f - kobold
Aim: a kobold, wielding a +0 short sword (wandering, hasn't noticed you, 100% to hit)
The magic dart hits the kobold.
The kobold is severely wounded.
The kobold shouts!
The endoplasm quivers.
Cast which spell? (? or * to list)
Aiming: Magic Dart (safe; 3% risk of failure)
Press: ? - help, Shift-Dir - straight line, f/p - kobold
Aim: a kobold, wielding a +0 short sword (severely wounded, 100% to hit)
The magic dart hits the kobold.
You kill the kobold!
Cast which spell? (? or * to list)
Aiming: Searing Ray (safe; 4% risk of failure)
Press: ? - help, Shift-Dir - straight line, f - endoplasm
Aim: an endoplasm (98% to hit)
The searing ray hits the endoplasm.
You kill the endoplasm! (Press . to maintain the ray.)
Your Fighting skill increases to level 1!
Things that are here:
a +0 short sword; a kobold corpse
f - a +0 short sword You open the door.
There is an open door here.
You open the door.
There is an open door here.
Found 2 stones.
Found a scroll labelled TIOKHL FEYPT.
Magic restored.
e - 8 stones (gained 2)
g - a scroll labelled TIOKHL FEYPT Magic restored.
Found 13 gold pieces.
Found a stone staircase leading down.
You now have 60 gold pieces (gained 13).
There is a stone staircase leading down here.
You climb downwards.
Found a whip.
There is a stone staircase leading up here.
f - a +0 short sword (weapon)
Found 4 gold pieces.
You now have 64 gold pieces (gained 4).
A bat comes into view.
A bat is nearby!
Cast which spell? (? or * to list)
Aiming: Magic Dart (safe; 2% risk of failure)
Press: ? - help, Shift-Dir - straight line, f - bat
Aim: a bat (asleep, 100% to hit)
The magic dart hits the bat.
You kill the bat!
An adder comes into view.
Found 5 stones.
Cast which spell? (? or * to list)
Aiming: Magic Dart (safe; 2% risk of failure)
Press: ? - help, Shift-Dir - straight line, f - adder
Aim: an adder (asleep, 100% to hit)
The magic dart hits the adder.
The adder is moderately wounded.
The adder hisses angrily.
Cast which spell? (? or * to list)
Aiming: Magic Dart (safe; 2% risk of failure)
Press: ? - help, Shift-Dir - straight line, f/p - adder
Aim: an adder (moderately wounded, 100% to hit)
The magic dart hits the adder.
The adder is moderately wounded.
An adder comes into view.
Cast which spell? (? or * to list)
Aiming: Searing Ray (safe; 4% risk of failure)
Press: ? - help, Shift-Dir - straight line, f/p - adder
Aim: an adder (moderately wounded, 63% to hit)
The searing ray hits the adder.
The adder is heavily wounded. (Press . to maintain the ray.)
The searing ray hits the adder.
You kill the adder!
A hobgoblin comes into view.
The hobgoblin shouts!
The hobgoblin hits you.
You closely miss the hobgoblin. Your grab misses the hobgoblin.
The hobgoblin completely misses you.
You hit the hobgoblin. Your grab misses the hobgoblin.
The hobgoblin is moderately wounded.
The hobgoblin closely misses you.
You hit the hobgoblin but do no damage. Your grab misses the hobgoblin.
The hobgoblin is moderately wounded.
The hobgoblin barely misses you.
You hit the hobgoblin. Your grab misses the hobgoblin.
The hobgoblin is heavily wounded.
The hobgoblin closely misses you.
You completely miss the hobgoblin. You grab the hobgoblin.
The hobgoblin is heavily wounded.
You constrict the hobgoblin, but do no damage.
The hobgoblin closely misses you.
You hit the hobgoblin.
You kill the hobgoblin!
You have reached level 3!
Your experience leads to an increase in your attributes!
Increase (S)trength, (I)ntelligence, or (D)exterity?
You feel clever. x2
HP restored.
You see here a hobgoblin corpse.
Found 8 gold pieces.
Found a scroll labelled NOLEEWKACAMN.
An orc comes into view. It is wielding a +0 dagger.
You see here 8 gold pieces.
You now have 72 gold pieces (gained 8).
The adder hisses angrily.
A jackal comes into view.
The jackal moves out of view.
Cast which spell? (? or * to list)
You don't have enough magic to cast this spell.
Unknown command.
The jackal barks!
You hit the orc. You grab the orc.
The orc is moderately wounded.
You constrict the orc.
You hear a shout!
A jackal comes into view.
The orc closely misses you.
You release your grip on the orc.
A jackal comes into view.
The orc attacks as it pursues you! The orc hits you with a +0 dagger.
A jackal comes into view.
The orc attacks as it pursues you! The orc misses you.
The jackal barks!
You hit the orc. Your grab misses the orc.
The orc is almost dead.
You hear a bark!
The orc hits you with a +0 dagger.
A jackal comes into view.
The jackal barks!
You hit the orc but do no damage. Your grab misses the orc.
The orc is almost dead.
A jackal comes into view.
The orc hits you with a +0 dagger.
You barely miss the orc. You grab the orc.
The orc is almost dead.
You constrict the orc.
You kill the orc!
The jackal barely misses you.
A giant cockroach comes into view.
The jackal closely misses you. The adder bites you.
* * * LOW HITPOINT WARNING * * *
Cast which spell? (? or * to list)
Aiming: Searing Ray (safe; 3% risk of failure)
Press: ? - help, Shift-Dir - straight line, f - adder
Aim: an adder (63% to hit)
The searing ray hits the adder.
The adder is heavily wounded.
The searing ray hits the jackal!
You kill the jackal! (Press . to maintain the ray.)
The jackal bites you.
* * * LOW HITPOINT WARNING * * *
The adder misses you.
Hit: f) +0 short sword
Press: ? - help, Dir - move target, f/p - adder
Aim: an adder (heavily wounded, about 62% to evade your +0 short sword)
You hit the adder. Your grab misses the adder.
The adder is severely wounded.
The jackal bites you.
* * * LOW HITPOINT WARNING * * *
The adder bites you.
* * * LOW HITPOINT WARNING * * *
The jackal bites you.
You die...

. ###.
#..............
#...###....S...#
###.###....###...
..............#
.....#..####.##
.?..h...#....#
h.....#...#
........#S#
.....####@# #...#
#h# ..#. #h. ###
#..# ...# .#.# #
.# ..


You could see an adder and 2 jackals.

Vanquished Creatures
  An adder (D:3)
  A dart slug (D:1)
  An orc (D:3)
  An endoplasm (D:2)
  A giant cockroach (D:1)
  A hobgoblin (D:3)
  A jackal (D:3)
  4 bats
  2 kobolds (D:2)
  A rat (D:1)
14 creatures vanquished.

Notes
Turn   | Place    | Note
-------+----------+-------------------------------------------
     0 | D:1      | jagoly the Octopode Conjurer began the quest for the Orb.
     0 | D:1      | Reached XP level 1. HP: 11/11 MP: 3/3
    76 | D:1      | Found Boka's Antique Weapon Shoppe.
   129 | D:2      | Found a glowing golden altar of the Shining One.
   136 | D:2      | Became a worshipper of the Shining One
   179 | D:2      | Reached XP level 2. HP: 18/18 MP: 1/5
   182 | D:2      | Learned a level 2 spell: Searing Ray
   239 | D:2      | Reached skill level 1 in Fighting
   363 | D:3      | Reached XP level 3. HP: 22/23 MP: 1/6
   381 | D:3      | Slain by a jackal

Illustrated notes

Levels and vault maps discovered:
D:1:      dpeg_arrival_solitude, layout_basic, serial_shops,
          nicolae_shop_just_a_little_nook, minmay_vboxes
D:2:      layout_loops_corners, basic_altar, hellmonk_ecumenical_altar_run_dry,
          uniq_natasha
D:3:      layout_rooms

Skill      XL: |  1  2 |
---------------+-------+-----
Stealth        | 3 |  3.6
Fighting       | 1 |  1.3
Dodging        | |  2.0
Spellcasting   | |  2.0
Conjurations   | |  4.3

Action                     || total
---------------------------++-------
  Melee: Unarmed           ||    25
         Constrict         ||    11
         Tentacles         ||     3
         Short sword       ||    11
   Cast: Magic Dart        ||    15
         Searing Ray       ||     3
 Armour: Skin              ||    24
  Dodge: Dodged            ||    46
